 Dungeon Crawl Stone Soup version 0.18.1-48-g4cf74bf (console) character file.

339461 Kloppie the Tortoise (level 21, 0/146 HPs)
             Began as a Gargoyle Fighter on June 26, 2016.
             Was the Champion of Okawaru.
             Collided with a heavily etched metal wall (19 damage)
             ... caused by an ancient lich
             ... on level 5 of the Vaults.
             The game lasted 01:35:46 (40811 turns).

Kloppie the Tortoise (Gargoyle Fighter)            Turns: 40811, Time: 01:35:46

Health: 0/146      AC: 52    Str: 21    XL:     21   Next: 96%
Magic:  32/35      EV: 33    Int: 11    God:    Okawaru [******]
Gold:   4341       SH: 21    Dex: 24    Spells: 0 memorised, 20 levels left

rFire  + . .     SeeInvis .     m - +1 demon whip (elec)
rCold  + . .     Gourm    .     S - +7 plate armour of the Lute {rN+ MP+9}
rNeg   + + .     Faith    .     c - +0 shield
rPois  ∞         Spirit   .     s - +0 helmet of the Arcane {rF+ rC+}
rElec  +         Dismiss  .     p - +1 cloak
rCorr  .         Reflect  +     C - +2 pair of gloves {Dex+3}
SustAt .         Harm     .     Q - +0 pair of boots {run}
MR     ++...                    e - +6 amulet of reflection
Stlth  ..........               R - ring of Shaolin {EV+8}
                                f - ring "Ymonlo" {MR+ Slay+6 Stlth+}

@: agile, about to teleport, finesse, quick, very resistant to hostile
enchantments, extremely unstealthy
A: big wings, fangs 1, negative energy resistance 1, electricity resistance,
unbreathing, petrification resistance, rot immunity, AC +15
a: Fly, Heroism, Finesse, Renounce Religion
}: 2/15 runes: decaying, serpentine


You were on level 5 of the Vaults.
You worshipped Okawaru.
Okawaru was exalted by your worship.
You were full.

You visited 7 branches of the dungeon, and saw 39 of its levels.
You visited the Abyss 2 times.
You also visited: Labyrinth.

You collected 5340 gold pieces.
You spent 999 gold pieces at shops.

Inventory:

Hand Weapons
 a - a +4 morningstar of holy wrath
 b - a +1 demon whip of freezing
 k - the +8 whip "Snakebite" {curare, rPois}
   (Okawaru gifted it to you on level 4 of the Vaults)

   It poisons the flesh of those it strikes.
   It protects you from poison.
 m - a +1 demon whip of electrocution (weapon)
Armour
 c - a +0 shield (worn)
 p - a +1 cloak (worn)
 s - the +0 helmet of the Arcane (worn) {rF+ rC+}
   (You took it off Robin on level 3 of the Dungeon)

   It protects you from fire.
   It protects you from cold.
 C - a +2 pair of gloves of dexterity (worn)
 Q - a +0 pair of boots of running (worn)
 S - the +7 plate armour of the Lute (worn) {rN+ MP+9}
   (Okawaru gifted it to you on level 1 of the Vaults)

   It protects you from negative energy.
   It affects your magic capacity (+9).
Jewellery
 d - an uncursed ring of positive energy
 e - a +6 amulet of reflection (around neck)
 f - the ring "Ymonlo" (left hand) {MR+ Slay+6 Stlth+}
   (You took it off an orc on level 6 of the Dungeon)

   [ring of protection from magic]

   It affects your accuracy and damage with ranged weapons and melee attacks
   (+6).
   It affects your resistance to hostile enchantments.
   It makes you more stealthy.
 t - an uncursed ring of protection from fire
 y - the ring of Shadows {Umbra +Inv rN+ SInv}
   (You found it on level 1 of the Vaults)

   [ring of positive energy]

   It protects you from negative energy.
   It lets you see invisible.
   It lets you turn invisible.
 R - the ring of Shaolin (right hand) {EV+8}
   (You found it in a labyrinth)

   [ring of evasion]

   It affects your evasion (+8).
 U - a +6 ring of evasion
Wands
 v - a wand of digging (11/24)
 z - a wand of digging (13/24)
 H - a wand of hasting (8/9)
 O - a wand of heal wounds (1/9)
Scrolls
 g - 2 scrolls of magic mapping
 i - 2 scrolls of fear
 j - 5 scrolls of enchant armour
 w - 3 scrolls of fog
 E - 15 scrolls of remove curse
 F - 11 scrolls of identify
 G - 2 scrolls of holy word
 J - 5 scrolls of recharging
 L - 4 scrolls of blinking
 M - 6 scrolls of teleportation
Potions
 h - 19 potions of curing
 n - 4 potions of resistance
 A - 4 potions of cancellation
 D - 4 potions of haste
 N - 2 potions of heal wounds
 P - a potion of invisibility
 V - a potion of cure mutation
Comestibles
 l - 15 meat rations
 o - 14 royal jellies
 q - 8 slices of pizza
 r - 6 bread rations
 u - 9 beef jerkies


   Skills:
 - Level 20.0 Fighting
 - Level 16.4 Maces & Flails
 - Level 20.1 Armour
 + Level 15.8 Dodging
 - Level 15.0 Shields
 - Level 7.1 Invocations


You had 20 spell levels left.
You didn't know any spells.

Dungeon Overview and Level Annotations

Branches:
Dungeon (15/15)            Temple (1/1) D:5            Lair (8/8) D:11
  Swamp (4/4) Lair:4        Snake (4/4) Lair:4        Slime (0/6) Lair:6
    Orc (2/2) D:12            Elf (0/3) Orc:2        Vaults (5/5) D:14
  Crypt (0/3) Vaults:3     Depths (0/5) D:15

Altars:
Ashenzari
Cheibriados
Dithmenos
Elyvilon
Fedhas
Gozag
Kikubaaqudgha
Makhleb
Nemelex Xobeh
Okawaru
Pakellas
Qazlal
Ru
Sif Muna
Trog
Vehumet
Xom
Yredelemnul
Zin
The Shining One
Beogh
Jiyva

Shops:
D:11 [=   Orc:2 :[*(   Snake:1 *   Vaults:4 =

Annotations:
D:9 2 runed doors
Lair:5 exclusion: oklob plant
Swamp:3 exclusion: Roxanne, Roxanne
Vaults:5 Peloso's ghost, veteran MiFi


Innate Abilities, Weirdness & Mutations

You are resistant to torment.
Your stone body is resilient (AC +15).
You are immune to poison.
Your large and strong wings let you fly indefinitely.
You resist negative energy.
You are resistant to electric shocks.
You can survive without breathing.
You are immune to petrification.
You are immune to rotting.
You have very sharp teeth.


Message History

The vault sentinel is empowered by something's aura!
The tengu reaver is empowered by something's aura!
The vault sentinel is empowered by something's aura!
You block the white very ugly thing's attack.
You block the cacodemon's attack.
The cacodemon hits you but does no damage.
Items here: $ ) ? [ † a great mace; a scale mail; a scroll of fog; 49 gold pieces; a human corpse You whack the white very ugly thing!
You bite the white very ugly thing.
The white very ugly thing is lightly wounded.
You whack the white very ugly thing!
The white very ugly thing is moderately wounded.
The vault sentinel blows a loud note on a signal horn!
You hear some strange, mumbled words.
A lance of force appears from out of thin air!
The lance of force hits you!
* * * LOW HITPOINT WARNING * * *
You are knocked back by the lance of force.
You slam into the heavily etched metal wall!
You die...

#.....'....#..#
##....###...#..#
'#WuWW1####..#..#
....9CcC*####.#
...##HDkp...###
#'# ##pCe##..# #$
##Q####.#
#{####.# # .#
#@2##.u## .# .C
##uupCCc#..# .
#####p)p..# ##
##.p§.# .. .....#
.. ......# ..
.......# ..
........# .#
###......#


You could see a shadow dragon, a titan, 2 very ugly things, a Brimstone Fiend, a
cacodemon, 2 stone giants, a vault warden, a tengu reaver, a vault guard, 2
ettins, 2 vault sentinels, a deep elf high priest, 2 ironbrand convokers, 2
yaktaurs, a freezing wraith, a swamp drake shaped shifter, a battlesphere and
Peloso's ghost.

Vanquished Creatures
  An ancient lich (Vaults:5)
  Sojobo (Vaults:2)
  A golden dragon (Vaults:5)
  2 bone dragons
  Jorgrun (Swamp:4)
  A quicksilver dragon (Vaults:5)
  A titan (Vaults:5)
  A sphinx (Vaults:1)
  2 shadow dragons (Vaults:5)
  2 tengu reavers (Vaults:2)
  2 tentacled starspawn (Abyss:2)
  Kirke (D:12)
  A thorn hunter (Swamp:4)
  2 fire giants
  Wiglaf (Snake:3)
  9 greater nagas
  9 vault wardens
  Aizul (Snake:1)
  2 iron dragons
  An orc warlord (Orc:1)
  A deep elf sorcerer (Vaults:1)
  A frost giant (Vaults:2)
  Louise (Swamp:4)
  7 very ugly things
  6 stone giants
  5 ironheart preservers
  Azrael (D:13)
  A deep elf demonologist (Vaults:3)
  A deep elf annihilator (Vaults:1)
  The ghost of Svampson the Basher, a journeyman MiBe of Trog (D:13)
  Snorg (Lair:5)
  2 green deaths (Swamp:4)
  A death ooze (Swamp:4)
  A deep elf death mage (Vaults:5)
  2 fire dragons
  6 ettins
  23 vault guards
  A deep elf high priest (Vaults:5)
  A minotaur (Lab)
  12 yaktaur captains
  2 rakshasas
  17 hydras
  An ice dragon (Vaults:3)
  15 naga warriors
  2 hell beasts (Swamp:4)
  3 death knights
  8 anacondas
  5 centaur warriors
  A catoblepas (Lair:8)
  6 alligators
  11 ogre magi
  4 death yaks
  2 thrashing horrors (Abyss:2)
  A queen ant (Lair:1)
  6 shock serpents
  10 naga sharpshooters
  3 deep elf knights
  A fire crab (Vaults:2)
  2 salamander mystics
  3 wretched stars (Abyss:2)
  A shadow wraith (Abyss:2)
  4 sea snakes (Snake:3)
  A giant orange brain (shapeshifter) (Vaults:3)
  2 flayed ghosts
  3 unseen horrors
  2 giant orange brains
  4 swamp dragons
  Pikel (D:7)
  A spriggan druid (Swamp:3)
  2 phantasmal warriors (Vaults:4)
  The ghost of Vincendra the Shield-Bearer, a novice MiFi (D:6)
  6 deep trolls (Vaults:4)
  4 shambling mangroves
  8 naga ritualists
  6 large abominations (Abyss:2)
  13 ironbrand convokers
  7 deep elf archers
  4 wolf spiders
  A lindwurm (Lair:8)
  9 orc knights
  3 orc sorcerers
  9 deep elf magi
  14 mana vipers
  9 hill giants
  A hornet (Swamp:1)
  12 cyclopes
  3 griffons
  The ghost of Kloppie the Shield-Bearer, a novice DsFi (D:8)
  50 ugly things
  2 centaur zombies
  35 slime creatures
  10 salamanders
  A sixfirhy (Abyss:2)
  35 black mambas
  A water nymph (shapeshifter) (Vaults:1)
  Joseph (D:7)
  4 elephants
  7 torpor snails
  A guardian serpent (shapeshifter) (D:14)
  10 vault sentinels
  15 spiny frogs
  4 guardian serpents
  3 gargoyles
  4 orange demons
  2 centaur skeletons
  An apocalypse crab (Abyss:2)
  22 naga magi
  3 smoke demons (Abyss:2)
  5 rime drakes
  An efreet (D:14)
  7 komodo dragons
  3 kobold demonologists
  38 yaktaurs
  8 freezing wraiths
  7 ancient zymes (Abyss:2)
  8 giant leeches
  A polar bear (shapeshifter) (Vaults:4)
  2 tengu conjurers
  8 polar bears (Lair:8)
  A queen bee (shapeshifter) (Vaults:5)
  A troll (shapeshifter) (Vaults:1)
  6 trolls
  A jumping spider (shapeshifter) (D:14)
  3 boulder beetles
  16 two-headed ogres
  9 raiju
  A hornet zombie (D:15)
  9 bog bodies
  A frost giant simulacrum (Abyss:2)
  20 blink frogs
  10 small abominations (Abyss:2)
  A ynoxinul (Abyss:2)
  3 redbacks
  9 spriggans
  Sigmund (D:2)
  5 wraiths
  8 shadows
  A water elemental (D:11)
  A tarantella (shapeshifter) (Vaults:2)
  3 wyverns
  A hog (D:12)
  58 yaks
  A vampire (D:12)
  5 basilisks
  Eustachio (D:5)
  3 fire elementals (D:13)
  2 steam dragons
  A chaos spawn (Abyss:2)
  45 vampire mosquitoes
  12 hippogriffs
  2 neqoxecs (Abyss:2)
  2 yaktaur simulacra
  A hippogriff (shapeshifter) (Vaults:2)
  2 hungry ghosts
  Menkaure (D:7)
  5 insubstantial wisps (Swamp:4)
  14 water moccasins
  38 nagas
  19 swamp worms
  13 wargs
  8 hell hounds
  8 soldier ants (Lair:1)
  A giant eyeball (shapeshifter) (D:14)
  5 swamp drakes
  10 porcupines
  An ettin simulacrum (Vaults:2)
  4 ice beasts
  38 orc warriors
  An eye of draining (shapeshifter) (D:14)
  An eye of draining (D:13)
  20 wasps
  A sky beast (D:9)
  16 black bears
  3 necrophages
  36 ogres
  A phantom (D:7)
  3 boggarts (Vaults:2)
  18 crocodiles
  28 wolves
  5 centaurs
  6 big kobolds
  17 giant frogs
  A scorpion (D:6)
  A water moccasin skeleton (D:7)
  2 elf simulacra (Vaults:2)
  14 killer bees
  3 howler monkeys (D:10)
  6 electric eels
  6 crimson imps
  A quasit (Abyss:2)
  A wasp zombie (D:11)
  25 hounds
  3 jellies
  2 human simulacra (Vaults:2)
  18 orc priests
  An iron imp (Abyss:2)
  A gnoll shaman (D:3)
  9 iguanas
  Terence (D:2)
  24 orc wizards
  35 worker ants
  Ijyb (D:2)
  15 sheep
  A mummy (D:7)
  Robin (D:3)
  A worker ant zombie (D:11)
  9 gnolls
  A howler monkey skeleton (D:10)
  7 adders
  48 river rats
  5 shadow imps
  2 white imps
  2 ufetubi
  2 oozes
  2 adder skeletons (D:5)
  An adder zombie (D:7)
  20 worms
  3 dart slugs
  5 giant geckos
  100 orcs
  10 bats
  8 giant cockroaches
  14 goblins
  10 hobgoblins
  5 jackals (Lair:8)
  A quokka (D:3)
  A ball python (D:4)
  A giant gecko skeleton (D:5)
  4 giant newts
  A jackal skeleton (D:6)
  38 kobolds
  11 rats
  A fungus (Lair:7)
  A plant (Lair:8)
1704 creatures vanquished.

Vanquished Creatures (others)
  A stone giant (Vaults:4)
  A centaur warrior (Vaults:1)
  An ogre mage (Vaults:2)
  A shadow wraith (Vaults:4)
  A deep elf mage (Vaults:2)
  A cyclops (Vaults:2)
  2 naga magi
  5 yaktaurs
  A kobold demonologist (Vaults:3)
  3 humans (D:12)
  A vampire mosquito (Vaults:2)
  A naga (Snake:4)
  A quasit (Abyss:2)
  An orc (D:7)
  2 jackals (D:11)
  4 briar patches (Swamp:4)
  10 fungi
  31 plants
  4 starspawn tentacles (Abyss:2)
  2 starspawn tentacle segments (Abyss:2)
74 creatures vanquished.

Grand Total: 1778 creatures vanquished

Notes
Turn   | Place    | Note
--------------------------------------------------------------
     0 | D:1      | Kloppie the Gargoyle Fighter began the quest for the Orb.
     0 | D:1      | Reached XP level 1. HP: 14/14 MP: 1/1
   200 | D:1      | Reached XP level 2. HP: 18/19 MP: 2/2
   695 | D:2      | Reached XP level 3. HP: 23/23 MP: 3/3
   833 | D:2      | Noticed Terence
   835 | D:2      | Noticed Sigmund
   846 | D:2      | Killed Terence
   846 | D:2      | Reached XP level 4. HP: 29/29 MP: 4/4
   851 | D:2      | Killed Sigmund
   851 | D:2      | Reached XP level 5. HP: 32/34 MP: 5/5
  1126 | D:2      | Reached XP level 6. HP: 39/39 MP: 6/6
  1188 | D:2      | Noticed Ijyb
  1199 | D:2      | Killed Ijyb
  1464 | D:3      | Found a glowing golden altar of the Shining One.
  1510 | D:3      | Noticed Robin
  1537 | D:3      | Killed Robin
  1598 | D:3      | Got a spiked helmet
  1604 | D:3      | Identified the cursed +0 helmet of the Arcane {rF+ rC+} (You took it off Robin on level 3 of the Dungeon)
  1708 | D:3      | Reached skill level 5 in Armour
  1720 | D:3      | Found a glowing silver altar of Zin.
  2352 | D:3      | Found an ancient bone altar of Kikubaaqudgha.
  2354 | D:3      | Reached skill level 5 in Fighting
  2426 | D:3      | Reached XP level 7. HP: 16/44 MP: 1/7
  2743 | D:4      | Reached skill level 5 in Shields
  2940 | D:4      | Found a sparkling altar of Nemelex Xobeh.
  3386 | D:5      | Entered Level 5 of the Dungeon
  3406 | D:5      | Noticed Eustachio
  3433 | D:5      | Killed Eustachio
  3466 | D:5      | Found a staircase to the Ecumenical Temple.
  3474 | Temple   | Entered the Ecumenical Temple
  3695 | Temple   | Became a worshipper of Warmaster Okawaru
  3918 | D:5      | Found an oddly glowing altar of Pakellas.
  4342 | D:5      | Reached XP level 8. HP: 18/51 MP: 3/8
  4764 | D:6      | Noticed Vincendra's ghost (novice MiFi)
  4830 | D:5      | Reached skill level 5 in Maces & Flails
  4984 | D:6      | Killed Vincendra's ghost
  4984 | D:6      | Reached * piety under Okawaru
  4984 | D:6      | Reached XP level 9. HP: 57/57 MP: 6/9
  4997 | D:6      | Got a flickering pewter ring
  5085 | D:6      | Identified the ring "Ymonlo" {MR+ Slay+6 Stlth+} (You took it off an orc on level 6 of the Dungeon)
  5132 | D:6      | Found an opulent altar of Gozag.
  5362 | D:6      | Noticed a purple ugly thing
  5400 | D:6      | Reached ** piety under Okawaru
  5443 | D:7      | Noticed Menkaure
  5455 | D:7      | Killed Menkaure
  5704 | D:7      | Noticed Joseph
  5720 | D:7      | Killed Joseph
  5727 | D:7      | Found a snail-covered altar of Cheibriados.
  5770 | D:7      | Reached *** piety under Okawaru
  6088 | D:7      | Found a shadowy altar of Dithmenos.
  6223 | D:7      | Noticed Pikel
  6238 | D:7      | Killed Pikel
  6238 | D:7      | Reached XP level 10. HP: 64/64 MP: 10/12
  6247 | D:7      | Found a stormy altar of Qazlal.
  6643 | D:8      | Found a sparkling altar of Nemelex Xobeh.
  6759 | D:8      | Noticed Kloppie's ghost (novice DsFi)
  6801 | D:8      | Killed Kloppie's ghost
  6801 | D:8      | Reached **** piety under Okawaru
  6946 | D:8      | Found a deep blue altar of Sif Muna.
  7399 | D:9      | Gained mutation: Your muscles are strong. (Str +2) [potion of mutation]
  7399 | D:9      | Gained mutation: You have very sharp teeth. [potion of mutation]
  7399 | D:9      | Gained mutation: Your mind is acute. (Int +2) [potion of mutation]
  7400 | D:9      | Gained mutation: Your large and strong wings let you fly indefinitely. [potion of mutation]
  7400 | D:9      | Gained mutation: You possess an exceptional clarity of mind. [potion of mutation]
  7400 | D:9      | Gained mutation: You are partially covered in rough black scales (AC +4, Dex -1). [potion of mutation]
  7602 | D:9      | Found a runed door.
  7613 | D:9      | Found a runed door.
  7853 | D:10     | Entered Level 10 of the Dungeon
  8009 | D:10     | Reached skill level 10 in Shields
  8028 | D:10     | Noticed a hill giant
  8042 | D:10     | Killed a hill giant
  8274 | D:10     | Reached ***** piety under Okawaru
  8325 | D:10     | Reached skill level 10 in Maces & Flails
  8325 | D:10     | Reached XP level 11. HP: 65/68 MP: 13/13
  8581 | D:10     | Identified a scroll of acquirement
  8723 | D:11     | Found a staircase to the Lair.
  8869 | D:11     | Found Ysishob's Jewellery Shoppe.
  8872 | D:11     | Bought a cursed -3 ring of protection for 28 gold pieces
  8872 | D:11     | Bought a cursed ring of teleportation for 63 gold pieces
  8983 | D:11     | Found Kaf Cuym's Antique Armour Emporium.
  9002 | D:11     | Bought an ancient robe for 136 gold pieces
  9002 | D:11     | Bought a faintly humming robe for 136 gold pieces
  9002 | D:11     | Identified the +1 robe of Parlour Games {*Contam Str+9 Int-4 SInv} (You bought it in a shop on level 11 of the Dungeon)
  9004 | D:11     | Identified the cursed +1 robe of Bearru Anyj {MP+9 Int+2} (You bought it in a shop on level 11 of the Dungeon)
  9006 | D:11     | Bought a shiny scale mail for 96 gold pieces
  9097 | D:11     | Killed an unseen horror
  9124 | D:11     | Noticed a seven-headed hydra
  9156 | D:11     | Killed a seven-headed hydra
  9513 | D:11     | Noticed a cyclops
  9531 | D:11     | Killed a cyclops
  9719 | Lair:1   | Entered Level 1 of the Lair of Beasts
  9968 | Lair:1   | Reached ****** piety under Okawaru
  9978 | Lair:1   | Noticed a queen ant
 10000 | Lair:1   | Received a gift from Okawaru
 10001 | Lair:1   | Got a distressingly furry scale mail {god gift}
 10062 | Lair:1   | Killed a queen ant
 10111 | Lair:1   | Reached XP level 12. HP: 41/73 MP: 14/14
 10818 | Lair:2   | Identified the +6 scale mail "Iqatun" {+Blink rN+} (Okawaru gifted it to you on level 1 of the Lair of Beasts)
 12315 | Lair:4   | Found a staircase to the Snake Pit.
 12764 | Lair:4   | Found a staircase to the Swamp.
 12768 | Lair:4   | Noticed a four-headed hydra
 12775 | Lair:4   | Killed a four-headed hydra
 13017 | Lair:4   | Received a gift from Okawaru
 13439 | Lair:5   | Reached XP level 13. HP: 78/78 MP: 15/15
 13659 | Lair:5   | Gained mutation: You have a pair of small horns on your head. [potion of beneficial mutation]
 13660 | Lair:5   | Lost mutation: Your muscles are strong. (Str +2) [potion of cure mutation]
 13660 | Lair:5   | Lost mutation: Your mind is acute. (Int +2) [potion of cure mutation]
 13660 | Lair:5   | Lost mutation: You possess an exceptional clarity of mind. [potion of cure mutation]
 13661 | Lair:5   | Lost mutation: You are partially covered in rough black scales (AC +4, Dex -1). [potion of cure mutation]
 13661 | Lair:5   | Lost mutation: You have a pair of small horns on your head. [potion of cure mutation]
 13661 | Lair:5   | Lost mutation: Your large and strong wings let you fly indefinitely. [potion of cure mutation]
 13759 | Lair:5   | Noticed Snorg
 13775 | Lair:5   | Killed Snorg
 14324 | Lair:6   | Received a gift from Okawaru
 14324 | Lair:6   | Reached skill level 15 in Shields
 14546 | Lair:6   | Found a viscous altar of Jiyva.
 14546 | Lair:6   | Found a staircase to the Slime Pits.
 15906 | Lair:7   | Reached skill level 15 in Maces & Flails
 15968 | Lair:7   | Reached skill level 10 in Armour
 16015 | Lair:7   | Gained mutation: Your large and strong wings let you fly indefinitely. [Gargoyle growth]
 16015 | Lair:7   | Reached XP level 14. HP: 37/83 MP: 9/16
 16450 | Lair:7   | Received a gift from Okawaru
 16699 | D:12     | Found a labyrinth entrance.
 16703 | Lab      | Entered a labyrinth
 17446 | Lab      | Got a faintly glowing quarterstaff
 17446 | Lab      | Got a warped short sword
 17786 | D:12     | Noticed Kirke
 17808 | D:12     | Killed Kirke
 18467 | D:12     | Found a staircase to the Orcish Mines.
 18587 | Orc:1    | Entered Level 1 of the Orcish Mines
 19089 | Orc:1    | Found a roughly hewn altar of Beogh.
 19331 | Orc:2    | Entered Level 2 of the Orcish Mines
 19337 | Orc:2    | Noticed a stone giant
 19487 | Orc:2    | Killed a stone giant
 19497 | Orc:2    | Noticed an orc warlord
 19795 | Orc:1    | Killed an orc warlord
 20159 | Orc:2    | Found a radiant altar of Vehumet.
 20236 | Orc:2    | Found Goavoeh's Book Shop.
 20527 | Orc:2    | Found Kirut's Antique Armour Emporium.
 20747 | Orc:2    | Bought a pair of embroidered boots for 144 gold pieces
 20757 | Orc:2    | Identified a +0 pair of boots of running (You bought it in a shop on level 2 of the Orcish Mines)
 20786 | Orc:2    | Found Rohoz's Antique Weapon Emporium.
 21095 | Orc:2    | Reached skill level 5 in Invocations
 21100 | Orc:2    | Found Genucoxt's General Store.
 21106 | Orc:2    | Found a staircase to the Elven Halls.
 21134 | Orc:2    | Reached XP level 15. HP: 55/90 MP: 14/19
 21593 | D:13     | Noticed Svampson's ghost (journeyman MiBe)
 21608 | D:13     | Killed Svampson's ghost
 21615 | D:13     | Noticed Azrael
 21649 | D:13     | Killed Azrael
 21649 | D:13     | Received a gift from Okawaru
 22232 | D:14     | Reached skill level 10 in Fighting
 22576 | D:14     | Reached skill level 1 in Dodging
 22717 | D:14     | Found a gate to the Vaults.
 22809 | D:14     | Found an ancient bone altar of Kikubaaqudgha.
 23198 | D:15     | Entered Level 15 of the Dungeon
 23515 | D:15     | Found a staircase to the Depths.
 24187 | Lair:8   | Entered Level 8 of the Lair of Beasts
 24469 | Lair:8   | Received a gift from Okawaru
 24990 | Lair:8   | Reached XP level 16. HP: 101/101 MP: 21/21
 25372 | Lair:8   | Found a runed door.
 25483 | Lair:8   | Reached skill level 5 in Dodging
 26007 | Swamp:1  | Entered Level 1 of the Swamp
 26493 | Swamp:1  | Received a gift from Okawaru
 27616 | Swamp:3  | Noticed Roxanne
 27813 | Swamp:4  | Entered Level 4 of the Swamp
 28112 | Swamp:4  | Noticed a thorn hunter
 28129 | Swamp:4  | Noticed Jorgrun
 28148 | Swamp:4  | Killed a thorn hunter
 28163 | Swamp:4  | Killed Jorgrun
 28249 | Swamp:4  | Received a gift from Okawaru
 28250 | Swamp:4  | Got an iridescent flail {god gift}
 28251 | Swamp:4  | Identified the +8 flail "Transmigrator" {flame, +Fly Str+3} (Okawaru gifted it to you on level 4 of the Swamp)
 28349 | Swamp:4  | Noticed Louise
 28349 | Swamp:4  | Cast into level 2 of the Abyss (Louise)
 28522 | Abyss:2  | Reached XP level 17. HP: 109/109 MP: 22/22
 28558 | Abyss:2  | Noticed a tentacled starspawn
 28570 | Abyss:2  | Killed a tentacled starspawn
 28777 | Swamp:4  | Escaped the Abyss
 28798 | Swamp:4  | Cast into level 2 of the Abyss (Louise)
 28798 | Abyss:2  | Found a corrupted altar of Lugonu.
 28802 | Abyss:2  | Found a corrupted altar of Lugonu.
 28900 | Abyss:2  | Reached skill level 15 in Armour
 29011 | Abyss:2  | Noticed a bone dragon
 29059 | Abyss:2  | Noticed a tentacled starspawn
 29064 | Abyss:2  | Killed a bone dragon
 29064 | Abyss:2  | Received a gift from Okawaru
 29090 | Abyss:2  | Killed a tentacled starspawn
 29092 | Swamp:4  | Escaped the Abyss
 29112 | Swamp:4  | Killed Louise
 29940 | Swamp:4  | Got a decaying rune of Zot
 30174 | Snake:1  | Entered Level 1 of the Snake Pit
 30230 | Snake:1  | Noticed Aizul
 30264 | Snake:1  | Killed Aizul
 30520 | Snake:1  | Received a gift from Okawaru
 30533 | Snake:1  | Got a translucent flail {god gift}
 30534 | Snake:1  | Identified the +6 flail of Generosity {crush, rPois rC+ Str-2 Stlth+} (Okawaru gifted it to you on level 1 of the Snake Pit)
 30868 | Snake:1  | Found Qumogent's Assorted Antiques.
 30880 | Snake:1  | Bought 2 scrolls labeled DALAYW KASIRPH for 66 gold pieces
 30880 | Snake:1  | Bought an ancient scale mail for 297 gold pieces
 30880 | Snake:1  | Bought a scroll labeled DALAYW KASIRPH for 33 gold pieces
 30891 | Snake:1  | Identified the +4 scale mail "Laxuhos" {rF- Int+4} (You bought it in a shop on level 1 of the Snake Pit)
 31195 | Snake:1  | Reached XP level 18. HP: 97/118 MP: 23/23
 31532 | Snake:2  | Reached skill level 15 in Fighting
 31614 | Snake:2  | Received a gift from Okawaru
 31647 | Snake:2  | Got a transparent hat {god gift}
 31658 | Snake:2  | Identified the -3 hat of Deboysh {Int+4 Slay+2} (Okawaru gifted it to you on level 2 of the Snake Pit)
 32426 | Snake:3  | Found a runed door.
 32637 | Snake:3  | Noticed Wiglaf
 32650 | Snake:3  | Killed Wiglaf
 33106 | Snake:4  | Entered Level 4 of the Snake Pit
 33446 | Snake:4  | Received a gift from Okawaru
 33629 | Snake:4  | Reached XP level 19. HP: 119/128 MP: 18/24
 34009 | Snake:4  | Got a serpentine rune of Zot
 34341 | Vaults:1 | Entered Level 1 of the Vaults
 34507 | Vaults:1 | Received a gift from Okawaru
 35521 | Vaults:1 | Received a gift from Okawaru
 35542 | Vaults:1 | Got an ancient plate armour {god gift}
 35545 | Vaults:1 | Identified the +7 plate armour of the Lute {rN+ MP+9} (Okawaru gifted it to you on level 1 of the Vaults)
 36174 | Vaults:2 | Reached XP level 20. HP: 123/140 MP: 25/25
 36739 | Vaults:2 | Received a gift from Okawaru
 36750 | Vaults:2 | Noticed Sojobo
 36807 | Vaults:2 | Killed Sojobo
 37310 | Vaults:3 | Noticed a bone dragon
 37311 | Vaults:3 | Found a staircase to the Crypt.
 37335 | Vaults:3 | Killed a bone dragon
 37601 | Vaults:3 | Found an opulent altar of Gozag.
 38572 | Vaults:4 | Reached skill level 10 in Dodging
 38594 | Vaults:4 | Found Ujocri's Jewellery Boutique.
 38784 | Vaults:4 | Received a gift from Okawaru
 39035 | Vaults:4 | Reached XP level 21. HP: 146/146 MP: 26/26
 40221 | Vaults:5 | Entered Level 5 of the Vaults
 40223 | Vaults:5 | Noticed a golden dragon
 40242 | Vaults:4 | Received a gift from Okawaru
 40280 | Vaults:5 | Noticed an ancient lich
 40427 | Vaults:5 | Reached skill level 15 in Dodging
 40431 | Vaults:5 | Noticed a golden dragon
 40441 | Vaults:5 | Killed an ancient lich
 40444 | Vaults:5 | Received a gift from Okawaru
 40448 | Vaults:5 | Noticed an ancient lich
 40450 | Vaults:5 | Killed a golden dragon
 40456 | Vaults:5 | Noticed a golden dragon
 40779 | Vaults:5 | Noticed Peloso's ghost (veteran MiFi)
 40811 | Vaults:5 | Collided with a heavily etched metal wall

Skill      XL: |  1  2  3  4  5  6  7  8  9 10 11 12 13 14 15 16 17 18 19 20 21 |
---------------+----------------------------------------------------------------+-----
Fighting       | 4 5 6 7 9 11 13 14 17 20 | 20.0
Maces & Flails | 3 4 6 8 10 11 13 15 16 | 16.4
Armour         | 4 5 7 10 12 13 14 16 17 20 | 20.1
Shields        | 4 5 6 8 10 12 14 15 | 15.0
Invocations    | 2 5 7 |  7.1
Dodging        | 4 7 9 11 15 | 15.8

Action                   |  1- 3 |  4- 6 |  7- 9 | 10-12 | 13-15 | 16-18 | 19-21 || total
-------------------------+-------+-------+-------+-------+-------+-------+-------++-------
Melee: Flail             |    75 |   288 |   433 |       |       |       |       ||   796
       Whip              |       |       |       |   746 |       |       |    77 ||   823
       Bite              |       |       |       |   104 |   248 |   347 |   450 ||  1149
       Morningstar       |       |       |       |   298 |  1004 |    51 |       ||  1353
       Demon whip        |       |       |       |       |   687 |  1974 |  2123 ||  4784
Invok: Heroism           |       |       |     2 |     4 |    10 |     7 |     5 ||    28
       Finesse           |       |       |       |       |     1 |     3 |     3 ||     7
 Abil: Fly               |       |       |       |       |       |     1 |       ||     1
       Stop Flying       |       |       |       |       |       |       |     1 ||     1
Evoke: Wand              |       |       |       |       |       |     1 |       ||     1
  Use: Potion            |     1 |     2 |     3 |     4 |     5 |     7 |     6 ||    28
       Scroll            |       |    10 |     9 |    16 |     9 |     6 |     4 ||    54
 Stab: Sleeping          |       |       |     2 |     1 |     2 |     1 |       ||     6
       Distracted        |       |       |       |     1 |       |       |       ||     1
       Confused          |       |       |       |       |       |     1 |       ||     1
       Invisible         |       |       |       |       |       |       |     1 ||     1
  Eat: Chunk             |       |     5 |     9 |    20 |    34 |     9 |    14 ||    91
       Bread ration      |       |       |     1 |     1 |     1 |     6 |     2 ||    11
       Royal jelly       |       |       |       |       |     1 |       |       ||     1
Armor: Scale mail        |    31 |   153 |    10 |   243 |   539 |   327 |    93 ||  1396
       Skin              |       |    13 |    14 |    17 |       |       |       ||    44
       Ring mail         |       |       |   200 |   101 |       |       |       ||   301
       Plate armour      |       |       |       |       |       |       |   304 ||   304
Dodge: Dodged            |    31 |    59 |   132 |   208 |   685 |   932 |   862 ||  2909
Block: Shield            |    30 |   210 |   234 |   515 |   984 |  1162 |  1647 ||  4782
       Reflection        |       |       |       |       |       |    54 |   110 ||   164
